AoeStats
← Samara

African Clearing

510614017Analyzed
4v4 RM · 2d ago on Oct 1, 2026· 41m 21s· 8 players
Game mode
Random Map
Map size
Large (8 player)
Population
200
Speed
Normal
Resources
Standard
Victory
Conquest
Starting age
Dark Age
Ending age
Imperial Age
RankedLock teamsTeams togetherTeam positionsShared explorationLock speedFull tech treeHidden civsTurbo modeCheats
Victory
Defeat
🇹🇷 Koreans · Türkiye
1748
+10
🇹🇷 Varangians · Türkiye
1714
+12
🇹🇷 Spanish · Türkiye
1700
+12
🇹🇷 Vietnamese · Türkiye
1619
+16
🇧🇪 Koreans · Belgium
1666
-14
🇨🇳 Spanish · China
1630
-13
🇪🇸 Sicilians · Spain
1593
-12
🇲🇦 Maya · Morocco
1572
-11
Bz_青红
8:42 Loom
11:13 Feudal Age
12:49 Double-Bit Axe
13:23 Horse Collar
22:27 Castle Age
21:18 Bloodlines
23:45 Bow Saw
25:05 Town Watch
39:32 Fletching
Glaki
8:39 Loom
11:56 Feudal Age
12:39 Double-Bit Axe
19:05 Town Watch
27:34 Castle Age
35:21 Wheelbarrow
Komi
3:37 Loom
11:54 Feudal Age
16:29 Castle Age
15:13 Double-Bit Axe
17:59 Bow Saw
20:39 Fletching
23:56 Bodkin Arrow
25:45 Ballistics
26:51 Devotion
28:49 Husbandry
30:46 Horse Collar
31:42 Wheelbarrow
30:53 Town Watch
40:25 Imperial Age
38:05 Squires
38:57 Heavy Plow
39:24 Hand Cart
38:45 Pikeman
40:50 Scale Mail Armor
41:00 Forging
40:40 Capped Ram
Samara
3:39 Loom
12:57 Feudal Age
18:19 Castle Age
16:35 Double-Bit Axe
19:01 Fishing Lines
19:19 Fletching
23:09 Bodkin Arrow
29:09 Padded Archer Armor
Theos
10:14 Loom
12:40 Feudal Age
17:01 Castle Age
14:58 Double-Bit Axe
15:55 Gold Mining
18:19 Bow Saw
27:04 Husbandry
29:05 Wheelbarrow
29:55 Horse Collar
32:12 Heavy Plow
32:24 Town Watch
33:33 Fletching
35:20 Scale Barding Armor
38:04 Imperial Age
35:40 Stone Mining
36:11 Scale Barding Armor
36:22 Bloodlines
37:36 Hand Cart
37:57 Chain Barding Armor
38:38 Forging
39:24 Plate Barding Armor
38:24 Cavalier
39:46 Plate Barding Armor
40:22 Iron Casting
FeelMySpike
8:42 Loom
11:46 Feudal Age
12:21 Double-Bit Axe
14:48 Bloodlines
21:25 Forging
21:50 Scale Barding Armor
26:19 Castle Age
24:57 Horse Collar
26:46 Gold Mining
26:29 Light Cavalry
27:12 Husbandry
30:08 Chain Barding Armor
32:15 Bow Saw
35:24 Wheelbarrow
35:51 Stone Mining
37:32 Town Watch
40:48 Hand Cart
43:28 Imperial Age
lalalalala
10:07 Loom
13:13 Feudal Age
16:56 Castle Age
15:28 Double-Bit Axe
15:42 Gold Mining
18:12 Bow Saw
20:52 Fletching
21:53 Bodkin Arrow
25:04 Horse Collar
30:55 Wheelbarrow
35:35 Ballistics
40:27 Imperial Age
38:40 Hand Cart
39:26 Heavy Plow
39:23 Elite Skirmisher
40:09 Thumb Ring
40:45 Imperial Skirmisher
41:37 Bracer
42:43 Chemistry
USTA
11:43 Loom
13:29 Feudal Age
14:50 Double-Bit Axe
23:36 Castle Age
21:43 Horse Collar
21:56 Gold Mining
22:00 Stone Mining
25:46 Bow Saw
26:57 Fletching
30:30 Bodkin Arrow
32:05 Padded Archer Armor
35:59 Wheelbarrow
39:39 Hand Cart
39:16 Horse Collar
Connection lost

Rejoining the realm…

Still unreachable

The connection could not be restored.

Session expired

The server has moved on; the page needs a fresh start.